 Dungeon Crawl Stone Soup version 0.22.1-1-ga44c0e56f4 (webtiles) character file.

24483 Revguard the Cleaver (level 12, -10/145 HPs)
             Began as a Demonspawn Berserker on Oct 25, 2018.
             Was a High Priest of Trog.
             Blown up by an orb spider (39 damage)
             ... with an orb of destruction
             ... on level 1 of the Spider Nest on Oct 27, 2018.
             The game lasted 01:12:04 (15695 turns).

Revguard the Cleaver (Demonspawn Berserker)        Turns: 15695, Time: 01:12:05

Health: -10/145    AC: 26    Str: 26    XL:     12   Next: 81%
Magic:  0/12       EV:  2    Int: 10    God:    Trog [*****.]
Gold:   998        SH:  0    Dex: 13    Spells: 11/11 levels left

rFire    . . .     SeeInvis +   r - +1 battleaxe (chop)
rCold    + . .     Gourm    .   (shield currently unavailable)
rNeg     + + +     Faith    .   (armour currently unavailable)
rPois    +         Spirit   +   (helmet currently unavailable)
rElec    .         Reflect  .   (cloak currently unavailable)
rCorr    .         Harm     .   (gloves currently unavailable)
MR       ++...     NoTele   +   (boots currently unavailable)
Stlth    +.........             A - amulet of guardian spirit
HPRegen  1.74/turn              z - ring of protection from cold
MPRegen  0.13/turn              G - ring of see invisible

@: mighty, tree-form, berserk cooldown, regenerating, slowed, very slow
A: powered by pain 2, regeneration 1, wild magic 1
a: Berserk, Trog's Hand, Brothers in Arms, Renounce Religion


You were on level 1 of the Spider Nest.
You worshipped Trog.
Trog was extremely pleased with you.
You were not hungry.
You were a tree.
You visited 3 branches of the dungeon, and saw 14 of its levels.
You also visited: Labyrinth, Sewer and Bailey.

You collected 1231 gold pieces.
You spent 233 gold pieces at shops.

Inventory:

Hand Weapons
 r - a +1 battleaxe of chopping (weapon)
 D - a +1 antimagic battleaxe
Armour
 a - a +0 pair of boots (melded)
 n - a +0 plate armour (melded)
 q - a +0 pair of gloves (melded)
 C - the +0 cloak of Tender Moments (melded) {MR+ Regen+ Str+4}
   (You found it on level 9 of the Dungeon)

   It affects your strength (+4).
   It affects your resistance to hostile enchantments.
   It increases your rate of regeneration.
Jewellery
 z - a ring of protection from cold (left branch)
 A - an amulet of guardian spirit (around neck)
 G - a ring of see invisible (right branch)
Wands
 f - a wand of iceblast (8)
 t - a wand of paralysis (23)
 v - a wand of polymorph (18)
 y - a wand of scattershot (1)
 I - a wand of flame (26)
 K - a wand of digging (15)
Scrolls
 b - 2 scrolls of identify
 g - a scroll of blinking
 j - 6 scrolls of remove curse
 k - 3 scrolls of fog
 l - 2 scrolls of magic mapping
 m - 4 scrolls of teleportation
 w - a scroll of summoning {unknown}
 x - a scroll of immolation
 B - a scroll of amnesia {unknown}
 H - a scroll of enchant weapon
 L - 3 scrolls of fear
 N - 3 scrolls of enchant armour
Potions
 d - a potion of magic
 e - 6 potions of flight
 h - a potion of agility
 i - 7 potions of curing
 o - 2 potions of lignification
 p - a potion of resistance
 s - 2 potions of might
 u - a potion of cancellation
Miscellaneous
 J - a lamp of fire
Comestibles
 c - 21 rations


   Skills:
 + Level 10.3 Fighting
 + Level 14.3 Axes
 + Level 10.3 Armour
 - Level 2.6 Dodging
 + Level 0.4 Evocations


You had 11 spell levels left.
You didn't know any spells.
Your spell library contained the following spells:

 Spells                   Type           Power        Failure   Level  Hunger
 Passwall                 Tmut/Erth      #.......     58%         2    ###....
 Regeneration             Chrm/Necr      #.........   82%         3    ####...
 Borgnjor's Vile Clutch   Necr/Erth      #.........   100%        5    ######.
 Death Channel            Necr           #.........   100%        6    #######


Dungeon Overview and Level Annotations

Branches:
Dungeon (11/15)            Temple (0/1) D:6            Lair (2/6) D:8
  Swamp (0/4) Lair:2       Spider (1/4) Lair:2
    Orc: D:9-12

Altars:
Ashenzari
Elyvilon
Hepliaklqana
Kikubaaqudgha
Trog
Wu Jian
Yredelemnul
Zin
The Shining One
Beogh

Shops:
D:4 [   D:5 (   D:6 [   D:8 !

Portals:
Trove: D:10 (give 2 scrolls of acquirement)

Annotations:
D:5 Prince Ribbit


Innate Abilities, Weirdness & Mutations

((You have very sharp fingernails.))
((You have a pair of small horns on your head.))
((You have sharp toenails.))
You sometimes gain power by taking damage.
((You are partially covered in sharp spines.))
((Your system is resistant to poisons. (rPois)))
Your natural rate of healing is unusually fast.
Your spells are a little harder to cast, but a little more powerful.


Message History

* * * LOW HITPOINT WARNING * * *
The wolf spider bites you but does no damage.
The wolf spider hits you but does no damage.
The wolf spider bites you but does no damage.
The orb spider begins to weave its threads into a brightly glowing ball.
Your skin crawls.
You feel resistant to hostile enchantments.
You feel somewhat more hungry.
The wolf spider hits you but does no damage.
The wolf spider bites you but does no damage.
The wolf spider hits you but does no damage.
The wolf spider bites you but does no damage.
Your ogre hits the wolf spider with a giant spiked club!!
The wolf spider dies!
Trog accepts your kill.
You swing at nothing.
The orb spider weaves a glowing orb of energy.
An orb of destruction comes into view.
The orb of destruction hits you!
You die...

... ..# s$ # ..
s. .# # ##.#
.### ... #.#...
...##...
....####[#.....
#.....♣§.#.#
##..#[††O..#
#.<..†#.s$....
##...#.#..##.#
##..#.#....
......# ..##
##..##.. .#..
..#. ..# #...
#.. . .... #.


You could see an orb spider and a friendly ogre (berserk).

Vanquished Creatures
  A minotaur (Lab)
  A vault guard (D:10)
  A two-headed ogre (D:8)
  2 unseen horrors (D:10)
  An orc knight (Bailey)
  Pikel (D:7)
  2 ugly things (D:11)
  A cyclops (D:11)
  A manticore (D:11)
  A wolf spider (Spider:1)
  A molten gargoyle (Lair:2)
  4 spiny frogs
  A komodo dragon (Lair:1)
  A hornet (D:11)
  8 blink frogs (Lair:2)
  Sigmund (D:5)
  4 redbacks (Spider:1)
  6 hippogriffs
  A wraith (D:11)
  5 tarantellas (Spider:1)
  2 wyverns
  A basilisk (Lair:2)
  22 yaks
  4 hungry ghosts
  A warg (D:9)
  5 water moccasins
  7 porcupines
  7 orc warriors
  A black bear (D:9)
  A hornet zombie (D:11)
  3 ice beasts
  4 slaves (D:7)
  2 centaurs
  5 ogres
  2 phantoms
  12 crocodiles
  3 big kobolds
  13 bullfrogs
  2 scorpions
  4 wights (D:10)
  2 electric eels (Lair:2)
  6 howler monkeys
  4 crimson imps
  3 centaur zombies
  3 quasits
  2 jellies
  5 hounds
  4 bullfrog zombies
  4 orc priests
  6 orc wizards
  3 bullfrog skeletons
  A centaur skeleton (D:5)
  An iguana (D:5)
  12 worker ants
  A hound zombie (D:4)
  2 hound skeletons
  2 worker ant zombies
  6 gnolls
  14 adders
  A shadow imp (D:11)
  4 oozes (Sewer)
  2 adder skeletons (D:6)
  7 worms
  2 dart slugs
  4 leopard geckos
  35 orcs
  3 ball pythons
  14 bats
  14 giant cockroaches
  15 goblins
  10 hobgoblins
  23 jackals
  8 frilled lizards
  2 jackal skeletons (D:4)
  30 kobolds
  A leopard gecko skeleton (D:4)
  2 quokka skeletons
  2 rats
  4 fungi
409 creatures vanquished.

Vanquished Creatures (collateral kills)
  A wolf spider (Spider:1)
1 creature vanquished.

Vanquished Creatures (others)
  The ghost of stillor the Destroyer, a novice DrCj of Sif Muna (D:9)
  An orc warrior (D:9)
  An orc (D:9)
  A fire vortex (Lair:2)
4 creatures vanquished.

Grand Total: 414 creatures vanquished

Notes
Turn   | Place    | Note
-------+----------+-------------------------------------------
     0 | D:1      | Revguard the Demonspawn Berserker began the quest for the
                  | Orb.
     0 | D:1      | Reached XP level 1. HP: 18/18 MP: 1/1
    63 | D:1      | Gained mutation: You have sharp toenails. [demonic
                  | ancestry]
    63 | D:1      | Reached XP level 2. HP: 10/24 MP: 2/2
    65 | D:1      | Reached skill level 3 in Axes
   420 | D:1      | Reached ** piety under Trog
   420 | D:1      | Reached XP level 3. HP: 29/29 MP: 3/3
  1298 | D:2      | You fall through a shaft for 2 floors!
  1329 | D:4      | Reached XP level 4. HP: 33/37 MP: 4/4
  1338 | D:4      | Reached skill level 4 in Axes
  1379 | D:4      | Found a shattered altar of Ashenzari.
  1504 | D:3      | Reached XP level 5. HP: 27/42 MP: 5/5
  2199 | D:3      | Reached *** piety under Trog
  2623 | D:4      | Found Esugio's Antique Armour Shop.
  2641 | D:4      | Reached skill level 5 in Axes
  2734 | D:4      | Gained mutation: You are partially covered in sharp spines.
                  | [demonic ancestry]
  2734 | D:4      | Reached XP level 6. HP: 34/48 MP: 6/6
  2754 | D:4      | Found a basalt altar of Yredelemnul.
  2834 | D:4      | Got a steaming helmet
  2840 | D:4      | Identified the +1 helmet of Limited Liability {rElec Dex+2}
                  | (You found it on level 4 of the Dungeon)
  2888 | D:4      | Found a bloodstained altar of Trog.
  3202 | D:5      | Entered Level 5 of the Dungeon
  3218 | D:5      | Noticed Sigmund
  3264 | D:5      | Killed Sigmund
  3264 | D:5      | Gained mutation: You sometimes gain a little power by
                  | taking damage. [demonic ancestry]
  3264 | D:5      | Reached XP level 7. HP: 15/55 MP: 7/7
  3526 | D:5      | Reached skill level 6 in Axes
  3551 | D:5      | Found an ancient bone altar of Kikubaaqudgha.
  3597 | D:5      | Found Beawnas's Weapon Shoppe.
  3813 | D:5      | Found a glowing drain.
  3817 | Sewer    | Entered a sewer
  3883 | Sewer    | Reached **** piety under Trog
  4115 | Sewer    | Reached skill level 5 in Fighting
  4712 | D:5      | Noticed Prince Ribbit
  4947 | D:5      | Bought a +1 battleaxe of chopping for 233 gold pieces
  4986 | D:6      | Gained mutation: You have sharp fingernails. [demonic
                  | ancestry]
  4986 | D:6      | Reached XP level 8. HP: 44/62 MP: 8/8
  5026 | D:6      | Found a glowing silver altar of Zin.
  5029 | D:6      | Found an ornate altar of the Wu Jian Council.
  5101 | D:6      | Found a glowing golden altar of the Shining One.
  5158 | D:6      | Found a staircase to the Ecumenical Temple.
  5419 | D:6      | Reached skill level 7 in Axes
  5419 | D:6      | Reached skill level 5 in Armour
  5793 | D:6      | Found Edasoxeu's Armour Shoppe.
  5892 | D:6      | Found a glowing golden altar of the Shining One.
  6112 | D:7      | Noticed Pikel
  6122 | D:7      | Killed Pikel
  6122 | D:7      | Reached skill level 8 in Axes
  6130 | D:7      | Reached XP level 9. HP: 55/69 MP: 9/9
  6266 | D:7      | Found a flagged portal.
  6275 | Bailey   | Entered a bailey
  6305 | Bailey   | Noticed an orc knight
  6344 | Bailey   | Killed an orc knight
  6384 | Bailey   | HP: 1/106 [orc warrior/war axe (7)]
  6385 | Bailey   | Reached skill level 9 in Axes
  6643 | Bailey   | Identified Qadwenum's Guide on Moulding and Necromancy
  6878 | D:7      | Found a white marble altar of Elyvilon.
  7300 | D:8      | Noticed a two-headed ogre
  7309 | D:8      | Killed a two-headed ogre
  7309 | D:8      | Gained mutation: You sometimes gain power by taking damage.
                  | [demonic ancestry]
  7309 | D:8      | Reached XP level 10. HP: 18/79 MP: 10/10
  7655 | D:8      | Found Igudedig's Distillery.
  7812 | D:8      | Found a staircase to the Lair.
  7816 | D:8      | Reached skill level 10 in Axes
  8247 | D:9      | Found a hazy altar of Hepliaklqana.
  8265 | D:9      | Found a runed gate.
  8265 | D:9      | Found a runed gate.
  8265 | D:9      | Found a runed gate.
  8279 | D:9      | Noticed stillor's ghost (novice DrCj)
  8294 | D:9      | Found a roughly hewn altar of Beogh.
  8369 | D:9      | Killed stillor's ghost
  8391 | D:9      | Got a heavily runed cloak
  8396 | D:9      | Got a shimmering cloak
  8402 | D:9      | Identified the +1 cloak of Doaskeuz {*Slow rN++ rCorr
                  | Str+2} (You found it on level 9 of the Dungeon)
  8413 | D:9      | Identified the +0 cloak of Tender Moments {MR+ Regen+
                  | Str+4} (You found it on level 9 of the Dungeon)
  8535 | D:9      | You fall through a shaft for 2 floors!
  8564 | D:11     | Reached skill level 11 in Axes
  8657 | D:11     | Found a labyrinth entrance.
  8664 | D:11     | Noticed a cyclops
  8669 | D:11     | Killed a cyclops
  8681 | Lab      | Entered a labyrinth
 11002 | Lab      | Noticed a minotaur
 11017 | Lab      | Killed a minotaur
 11017 | Lab      | Gained mutation: You have a pair of small horns on your
                  | head. [demonic ancestry]
 11017 | Lab      | Reached XP level 11. HP: 69/87 MP: 5/11
 11029 | Lab      | Identified the Collected Works on Talismans
 11078 | D:11     | Noticed a white ugly thing
 11088 | D:11     | Killed a white ugly thing
 11316 | D:11     | Noticed a brown ugly thing
 11321 | D:11     | Killed a brown ugly thing
 11321 | D:11     | Reached skill level 12 in Axes
 11877 | D:11     | Reached ***** piety under Trog
 12113 | D:10     | Entered Level 10 of the Dungeon
 12322 | D:10     | Noticed a vault guard
 12329 | D:10     | Killed a vault guard
 12342 | D:10     | Found a portal to a secret trove of treasure.
 12407 | D:10     | Noticed an unseen horror
 12412 | D:10     | Killed an unseen horror
 12493 | D:10     | Reached skill level 13 in Axes
 12727 | D:10     | Noticed an unseen horror
 12736 | D:10     | Killed an unseen horror
 12736 | D:10     | Gained mutation: You have very sharp fingernails. [demonic
                  | ancestry]
 12736 | D:10     | Reached XP level 12. HP: 85/95 MP: 9/12
 12752 | D:10     | Gained mutation: Your spells are a little harder to cast,
                  | but a little more powerful. [potion of mutation]
 12752 | D:10     | Gained mutation: Your system is resistant to poisons.
                  | (rPois) [potion of mutation]
 12752 | D:10     | Gained mutation: Your natural rate of healing is unusually
                  | fast. [potion of mutation]
 13529 | Lair:1   | Entered Level 1 of the Lair of Beasts
 15066 | Lair:2   | Reached skill level 10 in Armour
 15131 | Lair:2   | Found a hole to the Spider Nest.
 15194 | Lair:2   | Found a staircase to the Swamp.
 15243 | Lair:2   | Reached skill level 10 in Fighting
 15243 | Lair:2   | Reached skill level 14 in Axes
 15245 | Lair:2   | Received a gift from Trog
 15654 | Spider:1 | Entered Level 1 of the Spider Nest
 15695 | Spider:1 | Blown up by an orb spider

Skill      XL: |  1  2  3  4  5  6  7  8  9 10 11 12 |
---------------+-------------------------------------+-----
Axes           | 3 4 5 6 8 9 11 13 14 | 14.3
Dodging        | 2 |  2.6
Armour         | 2 3 4 6 7 8 9 10 | 10.3
Fighting       | 4 5 7 8 9 10 | 10.3
Evocations     | |  0.4

Action                   |  1- 3 |  4- 6 |  7- 9 | 10-12 || total
-------------------------+-------+-------+-------+-------++-------
Melee: Hand axe          |    89 |   157 |   111 |       ||   357
       Kick              |    21 |    49 |    70 |    70 ||   210
       Battleaxe         |       |       |   115 |   426 ||   541
       Headbutt          |       |       |       |    60 ||    60
Invok: Berserk           |     1 |     1 |     1 |     4 ||     7
       Trog's Hand       |       |     2 |     1 |     5 ||     8
       Brothers in Arms  |       |       |       |     1 ||     1
Evoke: Wand              |       |       |       |     2 ||     2
  Use: Scroll            |       |     7 |     7 |    14 ||    28
       Potion            |       |     5 |     6 |     6 ||    17
 Stab: Confused          |       |       |       |     1 ||     1
  Eat: Chunk             |     1 |     2 |     7 |    13 ||    23
       Ration            |       |     2 |     2 |     8 ||    12
Armor: Animal skin       |    13 |       |       |       ||    13
       Chain mail        |    45 |       |       |       ||    45
       Plate armour      |     8 |   118 |   222 |   307 ||   655
       Skin              |       |       |       |    22 ||    22
Dodge: Dodged            |    53 |    58 |   129 |   210 ||   450
